 Dungeon Crawl Stone Soup version 0.21.1-1-g345015f (webtiles) character file.

154 nightchill the Insei (level 5, 40/40 HPs)
             Began as a Gnoll Transmuter on Apr 4, 2018.
             Quit the game on level 2 of the Dungeon on Apr 6, 2018.
             The game lasted 00:08:01 (2272 turns).

nightchill the Insei (Gnoll Transmuter)             Turns: 2272, Time: 00:08:02

Health: 40/40      AC:  3    Str: 13    XL:     5   Next: 35%
Magic:  12/12      EV: 14    Int: 16    God:
Gold:   96         SH:  0    Dex: 15    Spells: 8/14 levels left

rFire    . . .     SeeInvis .   e - +0 short sword
rCold    . . .     Gourm    .   (no shield)
rNeg     . . .     Faith    .   s - +0 leather armour
rPois    .         Spirit   .   (no helmet)
rElec    .         Reflect  .   (no cloak)
rCorr    .         Harm     .   (no gloves)
MR       .....                  (no boots)
Stlth    ++........             (no amulet)
HPRegen  0.13/turn              (no ring)
MPRegen  0.13/turn              (no ring)

@: no status effects
A: distributed training, fangs 1, strong nose
a: no special abilities


You were on level 2 of the Dungeon.
You were hungry.

You visited 1 branch of the dungeon, and saw 2 of its levels.

You collected 96 gold pieces.

Inventory:

Hand Weapons
 e - a +0 short sword (weapon)
 l - a +1 spear of piercing
 r - a +0 scythe of slicing
Missiles
 a - 19 arrows
 g - 22 poisoned needles
 h - 56 stones (quivered)
Armour
 b - a +0 robe
 s - a +0 leather armour (worn)
Jewellery
 f - a cursed amulet of inaccuracy {unknown}
Wands
 w - a wand of flame (33)
Scrolls
 i - 2 scrolls of remove curse {unknown}
 j - a scroll of blinking {unknown}
 k - 2 scrolls of identify {unknown}
 m - 2 scrolls of teleportation {unknown}
 n - 3 scrolls of magic mapping {unknown}
 q - 2 scrolls of amnesia {unknown}
 v - a scroll of enchant armour {unknown}
Potions
 o - 3 potions of flight {unknown}
 p - a potion of curing {unknown}
 t - a potion of heal wounds {unknown}
 u - a potion of haste {unknown}
 x - a potion of mutation {unknown}
Books
 c - a book of Changes

   Spells                             Type                      Level
   a - Beastly Appendage              Transmutation                1
   b - Sticks to Snakes               Transmutation                2
   c - Spider Form                    Transmutation/Poison         3
   d - Ice Form                       Ice/Transmutation            4
   e - Blade Hands                    Transmutation                5
Comestibles
 d - 5 rations


   Skills:
 + Level 2.9 Fighting
 + Level 1.4 Short Blades
 + Level 1.4 Long Blades
 + Level 1.4 Axes
 + Level 1.4 Maces & Flails
 + Level 1.4 Polearms
 + Level 1.4 Staves
 + Level 1.4 Slings
 + Level 1.4 Bows
 + Level 1.4 Crossbows
 + Level 1.4 Throwing
 + Level 1.4 Armour
 + Level 4.7 Dodging
 + Level 1.4 Stealth
 + Level 1.4 Shields
 + Level 6.7 Unarmed Combat
 + Level 5.2 Spellcasting
 + Level 1.1 Conjurations
 + Level 1.1 Hexes
 + Level 1.1 Charms
 + Level 1.1 Summonings
 + Level 1.1 Necromancy
 + Level 1.1 Translocations
 + Level 3.9 Transmutations
 + Level 1.1 Fire Magic
 + Level 1.1 Ice Magic
 + Level 1.1 Air Magic
 + Level 1.1 Earth Magic
 + Level 1.1 Poison Magic
 + Level 1.6 Invocations
 + Level 1.4 Evocations


You had 8 spell levels left.
You knew the following spells:

 Your Spells              Type           Power        Failure   Level  Hunger
a - Beastly Appendage     Tmut           ###...       3%          1    None
b - Sticks to Snakes      Tmut           ###.....     5%          2    #......
c - Spider Form           Tmut/Pois      ##........   21%         3    ###....


Dungeon Overview and Level Annotations

Branches:
Dungeon (2/15)

Altars:


Innate Abilities, Weirdness & Mutations

Your experience applies equally to all skills.
You have very sharp teeth.
Your uncanny sense of smell can sniff out nearby items.


Message History

You swap places.
Items here: ! ) [ † a scythe of slicing; a robe; a fuming coppery potion the human corpse of Sigmund You butcher the human corpse of Sigmund.
Items here: ! % ) [ a scythe of slicing; a robe; a fuming coppery potion; 2 chunks of flesh
r - a scythe of slicing;
x - a fuming coppery potion You start resting.
Your water moccasin withers and dies!
Your adder withers and dies! x2
Magic restored.
You start resting.
HP restored.
You see here 14 gold pieces.
There is a stone staircase leading up here.
Saving game... please wait.
Welcome back, nightchill the Gnoll Transmuter.
Press ? for a list of commands and other information.
Are you sure you want to abandon this character and quit the game? (Confirm with "yes".)

##### ##...##
##.....##
#.......# #####
#....@..# #...#
#.......# ###
#.#.# ##.....##
#.# #.#.#
##.....##
#.###<#..
#...)...#
#........
#.......#
##.......
#......<##
###.##..
##.......$#
#.##..
####..#...##[##
##.##..


There were no monsters in sight!

Vanquished Creatures
  2 adders (D:2)
  A worm (D:2)
  A dart slug (D:1)
  A leopard gecko (D:1)
  A goblin (D:2)
  6 hobgoblins
  A quokka (D:2)
  A ball python (D:2)
  3 bats
  4 frilled lizards
  2 kobolds
  18 rats
41 creatures vanquished.

Vanquished Creatures (collateral kills)
  Sigmund (D:2)
  An adder (D:2)
  A worm (D:2)
  A kobold (D:2)
4 creatures vanquished.

Grand Total: 45 creatures vanquished

Notes
Turn   | Place    | Note
-------+----------+-------------------------------------------
     0 | D:1      | nightchill the Gnoll Transmuter began the quest for the Orb.
     0 | D:1      | Reached XP level 1. HP: 17/17 MP: 6/6
    35 | D:1      | Reached XP level 2. HP: 19/23 MP: 5/7
    76 | D:1      | Learned a level 2 spell: Sticks to Snakes
   697 | D:1      | Reached XP level 3. HP: 19/28 MP: 7/9
   799 | D:1      | Learned a level 3 spell: Spider Form
   871 | D:1      | Reached skill level 5 in Spellcasting
  1364 | D:2      | Reached skill level 1 in Invocations
  1605 | D:2      | Reached skill level 1 in Short Blades
  1605 | D:2      | Reached skill level 1 in Long Blades
  1605 | D:2      | Reached skill level 1 in Axes
  1605 | D:2      | Reached skill level 1 in Maces & Flails
  1605 | D:2      | Reached skill level 1 in Polearms
  1605 | D:2      | Reached skill level 1 in Staves
  1605 | D:2      | Reached skill level 1 in Slings
  1605 | D:2      | Reached skill level 1 in Bows
  1605 | D:2      | Reached skill level 1 in Crossbows
  1605 | D:2      | Reached skill level 1 in Throwing
  1605 | D:2      | Reached skill level 1 in Armour
  1605 | D:2      | Reached skill level 1 in Stealth
  1605 | D:2      | Reached skill level 1 in Shields
  1605 | D:2      | Reached skill level 1 in Evocations
  1615 | D:2      | Reached XP level 4. HP: 18/34 MP: 7/11
  1990 | D:2      | Noticed Sigmund
  2177 | D:2      | Killed Sigmund
  2177 | D:2      | Reached skill level 1 in Conjurations
  2177 | D:2      | Reached skill level 1 in Hexes
  2177 | D:2      | Reached skill level 1 in Charms
  2177 | D:2      | Reached skill level 1 in Summonings
  2177 | D:2      | Reached skill level 1 in Necromancy
  2177 | D:2      | Reached skill level 1 in Translocations
  2177 | D:2      | Reached skill level 1 in Fire Magic
  2177 | D:2      | Reached skill level 1 in Ice Magic
  2177 | D:2      | Reached skill level 1 in Air Magic
  2177 | D:2      | Reached skill level 1 in Earth Magic
  2177 | D:2      | Reached skill level 1 in Poison Magic
  2177 | D:2      | Reached XP level 5. HP: 28/40 MP: 6/12
  2272 | D:2      | Quit the game

Skill      XL: |  1  2  3  4 |
---------------+-------------+-----
Spellcasting   | 5 |  5.2
Invocations    | 1 |  1.6
Short Blades   | 1 |  1.4
Long Blades    | 1 |  1.4
Axes           | 1 |  1.4
Maces & Flails | 1 |  1.4
Polearms       | 1 |  1.4
Staves         | 1 |  1.4
Slings         | 1 |  1.4
Bows           | 1 |  1.4
Crossbows      | 1 |  1.4
Throwing       | 1 |  1.4
Armour         | 1 |  1.4
Stealth        | 1 |  1.4
Shields        | 1 |  1.4
Evocations     | 1 |  1.4
Conjurations   | 1 |  1.1
Hexes          | 1 |  1.1
Charms         | 1 |  1.1
Summonings     | 1 |  1.1
Necromancy     | 1 |  1.1
Translocations | 1 |  1.1
Fire Magic     | 1 |  1.1
Ice Magic      | 1 |  1.1
Air Magic      | 1 |  1.1
Earth Magic    | 1 |  1.1
Poison Magic   | 1 |  1.1
Fighting       | |  2.9
Dodging        | |  4.7
Unarmed Combat | |  6.7
Transmutations | |  3.9

Action                   |  1- 3 |  4- 6 || total
-------------------------+-------+-------++-------
Melee: Unarmed           |    44 |    10 ||    54
       Short sword       |    59 |     6 ||    65
       Bite              |     9 |       ||     9
       Headbutt          |     3 |       ||     3
       Punch             |     3 |       ||     3
       Kick              |     3 |       ||     3
 Cast: Beastly Appendage |     6 |       ||     6
       Spider Form       |     4 |     3 ||     7
       Sticks to Snakes  |     1 |     9 ||    10
  Eat: Chunk             |     2 |     2 ||     4
Armor: Robe              |     6 |       ||     6
       Leather armour    |       |     3 ||     3
       Skin              |       |     1 ||     1
Dodge: Dodged            |    67 |    18 ||    85
